 Dungeon Crawl Stone Soup version 0.27-a0-1334-g2746e35aca (webtiles) character file.

Game seed: 10392172311164846265

11 Fronzalo the Skirmisher (level 2, 0/24 HPs)
             Began as a Demonspawn Fighter on June 27, 2021.
             Slain by an adder (3 damage)
             ... on level 2 of the Dungeon.
             The game lasted 00:03:25 (349 turns).

Fronzalo the Skirmisher (Demonspawn Fighter)         Turns: 349, Time: 00:03:25

Health: 0/24       AC: 11    Str: 16    XL:     2   Next: 17%
Magic:  2/2        EV:  2    Int:  9    God:
Gold:   0          SH: 12    Dex: 12    Spells: 1/1 levels left

rFire    . . .     SeeInvis .   a - +0 war axe
rCold    . . .     Faith    .   c - +0 kite shield
rNeg     . . .     Spirit   .   e - +0 plate armour
rPois    .         Reflect  .   (no helmet)
rElec    .         Harm     .   (no cloak)
rCorr    .         Rampage  .   (no gloves)
Will     .....                  (no boots)
Stlth    ..........             (no amulet)
HPRegen  0.08/turn              (no ring)
MPRegen  0.08/turn              (no ring)

@: no status effects
A: large bone plates 1
a: no special abilities


You were on level 2 of the Dungeon.
You visited 1 branch of the dungeon, and saw 2 of its levels.

Inventory:

Hand Weapons
 a - a +0 war axe (weapon)
Armour
 b - a +0 scale mail
 c - a +0 kite shield (worn)
 e - a +0 plate armour (worn)
Potions
 d - a potion of might


   Skills:
 + Level 3.2 Fighting
 + Level 1.9 Axes
 + Level 2.9 Armour
 + Level 2.8 Shields


You had one spell level left.
You didn't know any spells.
Your spell library was empty.

Dungeon Overview and Level Annotations

Branches:
Dungeon (2/15)

Altars:


Innate Abilities, Weirdness & Mutations

You are partially covered in large bone plates. (SH +4)


Message History

You miss the adder.
The adder is heavily wounded.
You block the adder's attack. x2; The adder bites you but does no damage.
You miss the adder.
The adder is heavily wounded.
The adder bites you.
You are poisoned.
The adder poisons you! The adder bites you but does no damage.
You closely miss the adder.
The adder is heavily wounded.
You feel very sick. The adder bites you.
The adder bites you but does no damage.
You barely miss the adder.
The adder is heavily wounded.
You feel sick.
The adder bites you but does no damage. x2
You closely miss the adder.
The adder is heavily wounded.
You feel sick. You block the adder's attack. The adder bites you.
Your shield and plate armour prevent you from hitting the adder.
The adder is heavily wounded.
You feel sick.
You are no longer poisoned.
You block the adder's attack. The adder bites you.
* * * LOW HITPOINT WARNING * * *
You hit the adder.
The adder is almost dead.
You block the adder's attack. x2; The adder bites you but does no damage.
You miss the adder.
The adder is almost dead.
The adder bites you but does no damage. The adder barely misses you.
You closely miss the adder.
The adder is almost dead.
The adder bites you but does no damage. You block the adder's attack.
Your shield prevents you from hitting the adder.
The adder is almost dead.
You block the adder's attack. x2
You miss the adder.
The adder is almost dead.
The adder bites you.
You die...

# .#
.###########..#
...........#..#
..............#
............#
...........#
...........#
#.....>@S..#
...........#
............<..#
............#.##
#............#..#
....#.#########.##
## #.......# # .#
....#.^#
.##....#.######..


You could see an adder.

Vanquished Creatures
  A ball python (D:2)
  A giant cockroach (D:2)
  3 goblins (D:2)
  2 hobgoblins (D:2)
  2 frilled lizards (D:2)
  A kobold (D:2)
10 creatures vanquished.

Notes
Turn   | Place    | Note
-------+----------+-------------------------------------------
     0 | D:1      | Fronzalo the Demonspawn Fighter began the quest for the
                  | Orb.
     0 | D:1      | Reached XP level 1. HP: 18/18 MP: 1/1
   185 | D:2      | EEE
   225 | D:2      | Gained mutation: You are partially covered in large bone
                  | plates. (SH +4) [demonic ancestry]
   225 | D:2      | Reached XP level 2. HP: 16/24 MP: 2/2
   349 | D:2      | Slain by an adder

Illustrated notes

....##.#.......
###....#.#....###
####...#...........#
# ##....###<##.†..#
###..###....)...#.#
##.........####.# .#
...#....[..# #.# #
.###.....(## #.##.#
## #......# #.@..# #
######## ###..# #
..# # ..# # ### # #
#


Turn 185 on D:2: EEE

Levels and vault maps discovered:
D:1:      dpeg_arrival_leaves_temple_mockup, layout_loops_ring,
          chequers_ecumenical_altar_simple
D:2:      layout_rooms

Action                   || total
-------------------------++-------
Melee: War axe           ||    36
Armor: Plate armour      ||    35
Dodge: Dodged            ||     5
Block: Kite shield       ||    26

Table legend: (Time is in decaauts)
 A = Elapsed time spent in this place.
 B = Non-inter-level travel time spent in this place.
 C = Inter-level travel time spent in this place.
 D = Time resting spent in this place.
 E = Time spent auto-exploring this place.
 F = Levels seen in this place.
 G = Mean time per level.
                   A        B        C        D        E       F      G
               +--------+--------+--------+--------+--------+-----+--------+
         Total |    370 |    354 |     16 |    188 |     11 |   2 |  185.0 |
       Dungeon |    370 |    354 |     16 |    188 |     11 |   2 |  185.0 |
               +--------+--------+--------+--------+--------+-----+--------+

Top non-repeatable levels by time:
     D:2: 354 daAuts
     D:1: 16 daAuts
